 Dungeon Crawl Stone Soup version 0.15-a0-1485-g692b94f (webtiles) character file.

30 Quh the Skirmisher (level 3, -1/29 HPs)
             Began as a Demonspawn Abyssal Knight on June 14, 2014.
             Was a Believer of Lugonu.
             Slain by a quokka (4 damage)
             ... on Level 2 of the Dungeon.
             The game lasted 00:07:17 (1369 turns).

Quh the Skirmisher (Demonspawn Abyssal Knight)      Turns: 1369, Time: 00:07:17

HP  -1/29        AC  7     Str 13      XL: 3   Next:  5%
MP   5/5         EV  8     Int 13      God: Lugonu [**....]
Gold 86          SH  0     Dex 12      Spells:  0 memorised,  2 levels left

rFire  . . .     SeeInvis .     a - +1 spear
rCold  . . .     Clarity  .     j - +0 scale mail
rNeg   . . .     rCorr    .     (no shield)
rPois  .         rRot     .     (no helmet)
rElec  .         Spirit   .     (no cloak)
SustAb .         Warding  .     r - +0 pair of gloves
rMut   .         Stasis   .     (no boots)
Gourm  .                        (no amulet)
MR     .....                    (no ring)
                                (no ring)

@: lethally poisoned, not resistant to hostile enchantments, extremely
unstealthy
A: claws 1
a: Depart the Abyss, Bend Space, Renounce Religion


You were on level 2 of the Dungeon.
You worshipped Lugonu.
Lugonu was pleased with you.
You were not hungry.

You visited 1 branch of the dungeon, and saw 2 of its levels.
You visited the Abyss 1 time.

You collected 86 gold pieces.

Inventory:

Hand weapons
 a - a +1,+1 spear (weapon)
Missiles
 i - 64 stones (quivered)
 n - 16 sling bullets of flame
 o - 24 arrows
 s - 7 tomahawks
Armour
 b - a +0 leather armour
 j - a +0 scale mail (worn)
 r - a +0 pair of gloves (worn)
Comestibles
 c - 2 bread rations
 f - 2 slices of pizza
Scrolls
 d - a scroll of remove curse {unknown}
 g - a scroll of identify {unknown}
 m - a scroll of noise {unknown}
 q - a scroll of enchant weapon I {unknown}
Jewellery
 k - an uncursed ring of fire {unknown}
Potions
 e - a potion of magic {unknown}
 h - a potion of brilliance {unknown}
 l - a potion of might {unknown}
 p - a potion of paralysis {unknown}


   Skills:
 - Level 3.0 Fighting
 * Level 2.9 Polearms
 - Level 1.7 Armour
 - Level 0.8 Dodging
 + Level 3.0 Invocations


You had 2 spell levels left.
You didn't know any spells.

Dungeon Overview and Level Annotations

Branches:
Dungeon (2/15)

Altars:


Innate Abilities, Weirdness & Mutations

You have sharp fingernails.


Message History

The adder poisons you! The quokka barely misses you.
You barely miss the adder.
The adder is severely wounded.
You feel sick. The adder bites you but does no damage. The quokka bites you.
The adder bites you.
You barely miss the adder.
The adder is severely wounded.
The quokka bites you.
* * * LOW HITPOINT WARNING * * *
The adder barely misses you.
You hit the adder but do no damage.
The adder is severely wounded.
You feel sick. The quokka bites you.
* * * LOW HITPOINT WARNING * * *
The adder bites you.
* * * LOW HITPOINT WARNING * * *
You miss the adder.
The adder is severely wounded.
The quokka bites you.
You die...

### #.# #.. .##.###.##
#.# ............ #.##.
..#####.##
#r...#...####.## #..
............ # #$#
#.###.###.##
#..####.###.###.....##
#(.S@rg.....(........
.?######.###.#####..###
S.g....................
..######.#...#####..###
#.#.)## ##.# #
#####...## #.)#
#.......# ##.#
.##.##...## ..
..........# #..


You could see an adder, a quokka and a hobgoblin.

Vanquished Creatures
  A giant gecko (D:2)
  4 bats
  2 giant cockroaches
  7 goblins
  2 hobgoblins (D:1)
  4 kobolds
  2 ball pythons (D:1)
  2 giant newts (D:1)
  6 rats
30 creatures vanquished.

Notes
Turn   | Place    | Note
--------------------------------------------------------------
     0 | Abyss:1  | Quh, the Demonspawn Abyssal Knight, began the quest for the Orb.
     0 | Abyss:1  | Reached XP level 1. HP: 18/18 MP: 1/1
     4 | Abyss:1  | Found a corrupted altar of Lugonu.
    50 | Abyss:1  | Noticed a chaos spawn
    52 | D:1      | Escaped the Abyss
   266 | D:1      | Acquired Lugonu's first power
   277 | D:1      | Gained mutation: You have sharp fingernails. [demonic ancestry]
   277 | D:1      | Reached XP level 2. HP: 10/24 MP: 2/2
  1269 | D:2      | Reached XP level 3. HP: 26/29 MP: 5/5
  1335 | D:2      | Acquired Lugonu's second power
  1369 | D:2      | Slain by a quokka

Action                   || total
-------------------------++-------
Melee: Spear             ||    98
Throw: Stone             ||     3
Invok: Depart the Abyss  ||     1
